 Dungeon Crawl Stone Soup version 0.25-a0-842-g81a31cf (webtiles) character file.

Game seed: 15219022630060091806, levelgen mode: deterministic

1591 robertstho the Grappler (level 8, -3/70 HPs)
             Began as a Troll Berserker on Apr 24, 2020.
             Was an Elder of Trog.
             Slain by a yak (14 damage)
             ... on level 6 of the Dungeon.
             The game lasted 00:05:09 (3394 turns).

robertstho the Grappler (Troll Berserker)           Turns: 3394, Time: 00:05:10

Health: -3/70      AC:  4    Str: 26    XL:     8   Next: 61%
Magic:  6/6        EV: 11    Int:  5    God:    Trog [****..]
Gold:   213        SH:  0    Dex:  9    Spells: 7/7 levels left

rFire    . . .     SeeInvis .     - Unarmed
rCold    . . .     Gourm    +   (no shield)
rNeg     . . .     Faith    .   a - +0 animal skin
rPois    .         Spirit   .   (helmet restricted)
rElec    .         Reflect  .   f - +1 cloak {+Inv}
rCorr    .         Harm     .   (gloves unavailable)
MR       .....                  (boots unavailable)
Stlth    ++........             (no amulet)
HPRegen  0.61/turn              s - ring of stealth
MPRegen  0.10/turn              (no ring)

@: corroded
A: large, unfitting armour, antennae 1, claws 3, fast metabolism 3, frail 1,
gourmand, low mp 1, regeneration 1, shaggy fur 1, tough skin 3
a: Berserk, Trog's Hand, Brothers in Arms, Renounce Religion, Evoke Invisibility


You were on level 6 of the Dungeon.
You worshipped Trog.
Trog was greatly pleased with you.
You were completely stuffed.

You visited 1 branch of the dungeon, and saw 6 of its levels.

You collected 213 gold pieces.

Inventory:

Hand Weapons
 e - a +4 quarterstaff of chaos
Armour
 a - a +0 animal skin (worn)
 f - a +1 cloak of invisibility (worn)
Jewellery
 s - a ring of stealth (left claw)
Wands
 g - a wand of paralysis (8)
 l - a wand of scattershot (4)
 x - a wand of random effects (25)
Scrolls
 j - 2 scrolls of amnesia {unknown}
 m - 3 scrolls of magic mapping {unknown}
 n - 3 scrolls of teleportation {unknown}
 p - a scroll of enchant weapon {unknown}
 q - a scroll of fear {unknown}
 u - a scroll of identify
 w - a scroll of noise {unknown}
Potions
 c - a potion of mutation
 d - a potion of cancellation
 h - 2 potions of flight {unknown}
 i - 2 potions of degeneration {unknown}
 k - 2 potions of might {unknown}
 o - 4 potions of heal wounds {unknown}
 r - a potion of magic
 t - a potion of haste {unknown}
 v - a potion of lignification
 A - a potion of curing {unknown}
Comestibles
 b - 10 rations
 z - 2 chunks of flesh


   Skills:
 * Level 4.0 Fighting
 * Level 2.5 Armour
 * Level 4.8 Dodging
 - Level 0.3 Stealth
 * Level 8.7 Unarmed Combat


You had 7 spell levels left.
You didn't know any spells.
Your spell library was empty.

Dungeon Overview and Level Annotations

Branches:
Dungeon (6/15)             Temple (0/1) D:6

Altars:
Makhleb
Wu Jian

Shops:
D:5 [


Innate Abilities, Weirdness & Mutations

You are too large for most types of armour.
You have claws for hands.
Your metabolism is lightning-fast.
You like to eat raw meat.
Your natural rate of healing is unusually fast.
You are covered in fur. (AC +1)
You have extremely tough skin. (AC +3)
You have a pair of small antennae on your head.
You are frail. (-10% HP)
Your magical capacity is low. (-10% MP)


Message History

You are too injured to fight recklessly!
You are too injured to fight recklessly!
You are too injured to fight recklessly!
You are too injured to fight recklessly!
You are too injured to fight recklessly!
You are too injured to fight recklessly!
You are too injured to fight recklessly!
You are too injured to fight recklessly!
Unknown command.
You mangle the yak!!
The yak is heavily wounded.
The yak gores you! The yak barely misses you. The yak gores you!
* * * LOW HITPOINT WARNING * * *
The jelly barely misses you.
You scratch the yak.
The yak is heavily wounded.
The yak gores you.
* * * LOW HITPOINT WARNING * * *
The yak gores you!
You die...

#.# #.##.#
##.# #.##.#
#..# #.##.#
#.## #.##.#
##.# #.##.#
######..# #.#
.....÷.## #.#
###.####
####.##.# #.#
#Y@Y....# #.#
.....YJY#†####
#.#
......YY....
#.#
........#####
... ...^##.##
..# #### #. #.
#.


You could see 6 yaks and a jelly.

Vanquished Creatures
  Sigmund (D:3)
  A hungry ghost (D:4)
  A black bear (D:6)
  A phantom (D:4)
  A sky beast (D:5)
  2 ogres
  A centaur (D:6)
  2 howler monkeys
  A bullfrog zombie (D:5)
  A jelly (D:5)
  An orc priest (D:5)
  Crazy Yiuf (D:3)
  4 orc wizards
  Natasha (thrice) (D:2)
  Ijyb (D:5)
  6 worker ants
  Robin (D:2)
  8 adders
  4 gnolls (D:5)
  2 shadow imps (D:5)
  4 oozes
  An adder skeleton (D:4)
  An adder zombie (D:5)
  3 worms
  A dart slug (D:1)
  3 leopard geckos
  8 orcs
  A ball python (D:1)
  6 bats
  2 giant cockroaches
  13 goblins
  9 hobgoblins
  10 kobolds
  5 frilled lizards
  A quokka zombie (D:5)
  5 rats
  A plant (D:1)
117 creatures vanquished.

Notes
Turn   | Place    | Note
-------+----------+-------------------------------------------
     0 | D:1      | robertstho the Troll Berserker began the quest for the Orb.
     0 | D:1      | Reached XP level 1. HP: 22/22 MP: 0/0
    95 | D:1      | Reached XP level 2. HP: 29/29 MP: 1/1
   779 | D:2      | Reached XP level 3. HP: 36/36 MP: 2/2
   785 | D:2      | Noticed Natasha
   791 | D:2      | Killed Natasha
   795 | D:2      | Reached XP level 4. HP: 26/44 MP: 3/3
   801 | D:2      | Noticed Natasha
   810 | D:2      | Killed Natasha
   810 | D:2      | Reached ** piety under Trog
   810 | D:2      | Reached skill level 4 in Unarmed Combat
   818 | D:2      | Noticed Natasha
   826 | D:2      | Killed Natasha
   853 | D:2      | Reached XP level 5. HP: 34/53 MP: 4/4
  1075 | D:2      | Noticed Robin
  1113 | D:2      | Killed Robin
  1462 | D:3      | Noticed Sigmund
  1484 | D:3      | Killed Sigmund
  1484 | D:3      | Reached skill level 1 in Armour
  1484 | D:3      | Reached skill level 5 in Unarmed Combat
  1484 | D:3      | Reached XP level 6. HP: 18/61 MP: 5/5
  1486 | D:3      | Gained mutation: You are frail. (-10% HP) [potion of
                  | mutation]
  1486 | D:3      | Gained mutation: Your magical capacity is low. (-10% MP)
                  | [potion of mutation]
  1486 | D:3      | Gained mutation: You have a pair of small antennae on your
                  | head. [potion of mutation]
  1794 | D:3      | Found a runed translucent door.
  1795 | D:3      | Noticed Crazy Yiuf
  1990 | D:3      | Killed Crazy Yiuf
  2139 | D:4      | Found an ornate altar of the Wu Jian Council.
  2183 | D:4      | Reached *** piety under Trog
  2207 | D:4      | Reached skill level 6 in Unarmed Combat
  2228 | D:4      | Reached XP level 7. HP: 31/60 MP: 5/5
  2367 | D:4      | Noticed a hungry ghost
  2374 | D:4      | Killed a hungry ghost
  2651 | D:5      | Entered Level 5 of the Dungeon
  2663 | D:5      | Noticed Ijyb
  2676 | D:5      | Killed Ijyb
  2695 | D:5      | Reached skill level 7 in Unarmed Combat
  2838 | D:5      | Found a burning altar of Makhleb.
  2845 | D:5      | Reached XP level 8. HP: 40/68 MP: 6/6
  2944 | D:5      | Found Bograsit's Armour Emporium.
  3083 | D:5      | Reached skill level 8 in Unarmed Combat
  3144 | D:5      | Reached **** piety under Trog
  3321 | D:6      | Found a staircase to the Ecumenical Temple.
  3394 | D:6      | Slain by a yak

Levels and vault maps discovered:
D:1:      lightli_arrival_statuegarden, layout_loops_cross, serial_forest,
          infiniplex_forest_3_way, infiniplex_forest_lined_ring,
          infiniplex_forest_zigzag_1, infiniplex_forest_lined_4_way,
          infiniplex_forest_end_2, infiniplex_forest_end_3,
          infiniplex_forest_corner_1, chequers_serial_rivers_micro_d
D:2:      layout_rooms, first_ration, uniq_natasha, uniq_robin
D:3:      layout_loops_cross, uniq_crazy_yiuf_cottage, uniq_sigmund
D:4:      layout_cave_pools, lemuel_coloured_pillars_altar
D:5:      layout_basic, serial_shops, shop, bloody_makhleb, uniq_ijyb
D:6:      layout_loops_ring, temple_green, kennysheep_nub, uniq_pikel

Skill      XL: |  1  2  3  4  5  6  7  8 |
---------------+-------------------------+-----
Dodging        | 3 4 |  4.8
Unarmed Combat | 4 5 6 7 8 |  8.7
Fighting       | 3 4 |  4.0
Armour         | 1 2 |  2.5
Stealth        | |  0.3

Action                   |  1- 3 |  4- 6 |  7- 9 || total
-------------------------+-------+-------+-------++-------
Melee: Unarmed           |    75 |   159 |   136 ||   370
       Punch             |     1 |     2 |     6 ||     9
Invok: Berserk           |       |     2 |     2 ||     4
       Trog's Hand       |       |     1 |       ||     1
  Use: Scroll            |       |     2 |     2 ||     4
       Potion            |       |     1 |       ||     1
 Stab: Sleeping          |       |     1 |     1 ||     2
  Eat: Chunk             |    12 |    12 |    22 ||    46
Armor: Animal skin       |    23 |    62 |    35 ||   120
Dodge: Dodged            |    39 |    79 |    68 ||   186

Table legend:
 A = Non-vault XP
 B = Vault XP
 C = Vault XP percentage of total XP
 D = Non-vault monster count
 E = Vault monster count
 F = Vault count percentage of total count
                 A         B        C        D         E       F
            +---------+---------+-------+---------+---------+-------
      Total |    1894 |     380 |  16.7 |     100 |      16 |  13.8
            +---------+---------+-------+---------+---------+-------
        D:1 |      38 |       0 |   0.0 |      22 |       0 |   0.0
        D:2 |     149 |      75 |  33.5 |      20 |      13 |  39.4
        D:3 |      32 |     269 |  89.4 |      10 |       2 |  16.7
        D:4 |     559 |       0 |   0.0 |      16 |       0 |   0.0
        D:5 |     749 |      36 |   4.6 |      28 |       1 |   3.4
        D:6 |     367 |       0 |   0.0 |       4 |       0 |   0.0
            +---------+---------+-------+---------+---------+-------
